 Dungeon Crawl Stone Soup version 0.24.0-37-gcf1ca852f1 (webtiles) character file.

Game seed: 8683497689261095769, levelgen mode: deterministic

1218 Flugkiller the Grappler (level 8, -4/74 HPs)
             Began as a Troll Fighter on Nov 25, 2019.
             Blown up by Pikel (31 damage)
             ... with a disintegration bolt
             ... on level 5 of the Dungeon.
             The game lasted 00:04:43 (2943 turns).

Flugkiller the Grappler (Troll Fighter)             Turns: 2943, Time: 00:04:44

Health: -4/74      AC:  8    Str: 25    XL:     8   Next: 22%
Magic:  0/7        EV:  8    Int:  4    God:
Gold:   167        SH:  9    Dex: 11    Spells: 7/7 levels left

rFire    . . .     SeeInvis .     - Unarmed
rCold    . . .     Gourm    +   b - +0 shield
rNeg     + . .     Faith    .   l - +0 robe
rPois    .         Spirit   +   (helmet restricted)
rElec    .         Reflect  .   u - +1 cloak
rCorr    .         Harm     .   (gloves unavailable)
MR       .....                  (boots unavailable)
Stlth    +.........             p - amulet of guardian spirit
HPRegen  0.62/turn              r - ring of wizardry
MPRegen  0.10/turn              g - ring of positive energy

@: about to teleport
A: large, unfitting armour, claws 3, fast metabolism 3, gourmand, regeneration
1, shaggy fur 1, tough skin 3
a: no special abilities


You were on level 5 of the Dungeon.
You were not hungry.

You visited 1 branch of the dungeon, and saw 5 of its levels.

You collected 167 gold pieces.

Inventory:

Armour
 a - a +0 robe
 b - a +0 shield (worn)
 l - a +0 robe (worn)
 u - a +1 cloak (worn)
Jewellery
 g - a ring of positive energy (right claw)
 k - an uncursed amulet of the acrobat
 p - an amulet of guardian spirit (around neck)
 r - a ring of wizardry (left claw)
 v - an uncursed ring of resist corrosion {unknown}
 x - an uncursed ring of stealth {unknown}
Scrolls
 e - a scroll of immolation {unknown}
 f - a scroll of teleportation
 i - a scroll of noise {unknown}
 m - 4 scrolls of identify
 o - a scroll of magic mapping {unknown}
 q - a scroll of remove curse
 w - a scroll of blinking {unknown}
Potions
 c - 2 potions of might
 h - 2 potions of lignification {unknown}
 j - a potion of heal wounds {unknown}
 n - a potion of agility
 s - a potion of curing
 t - a potion of mutation {unknown}
Comestibles
 d - 8 rations


   Skills:
 - Level 2.4 Fighting
 - Level 2.4 Dodging
 - Level 2.4 Shields
 + Level 10.1 Unarmed Combat


You had 7 spell levels left.
You didn't know any spells.
Your spell library contained the following spells:

 Spells                   Type           Power        Failure   Level  Hunger
 Corona                   Hex            #......      65%         1    ##.....
 Ensorcelled Hibernation  Hex/Ice        #.....       77%         2    ###....
 Confuse                  Hex            #.......     93%         3    ####...
 Dazzling Spray           Conj/Hex       #.....       93%         3    ####...
 Tukima's Dance           Hex            #.......     93%         3    ####...


Dungeon Overview and Level Annotations

Branches:
Dungeon (5/15)
 Temple: D:4-7

Altars:
Cheibriados
Qazlal
Wu Jian

Annotations:
D:5 Pikel


Innate Abilities, Weirdness & Mutations

You are too large for most types of armour.
You have claws for hands.
Your metabolism is lightning-fast.
You like to eat raw meat.
Your natural rate of healing is unusually fast.
You are covered in fur. (AC +1)
You have extremely tough skin. (AC +3)


Message History

You scratch Pikel but do no damage.
Pikel is lightly wounded.
Pikel hits you with a +2 whip of electrocution!
You are electrocuted!
There is a stone staircase leading up, spattered with blood here.
Things that are here:
a +0 leather armour; a +0 dagger; an orc corpse
Press: ? - help, v - describe, . - travel
Here: Pikel, wielding a +2 whip of electrocution, wearing a +0 robe and carrying a wand of disintegration (2) (lightly wounded)
The floor, spattered with blood.
Unknown command.
You aren't carrying any items that you can evoke.
Unknown command.
As you read the scroll of teleportation, it crumbles to dust.
You feel strangely unstable.
Pikel hits you with a +2 whip of electrocution!
You are electrocuted!
Unknown command.
Pikel zaps a wand.
You are blasted!
You die...

................ ..
..?!.........###..
................ #.
#..........#.
#.##..........[.
###...........#
#.............#
#.#.).#..K<...#
#...#[##...@.#...#
#.....p.###..........
..!K.>p#........####.
.........###.......
.......### ...#..#..
..[.... .#.###.# #
...... #..# ... ...
..#


You could see Pikel.

Vanquished Creatures
  Grinder (D:4)
  An ice beast (D:3)
  3 slaves (D:4)
  A phantom (D:4)
  An ogre (D:3)
  A centaur (D:4)
  Blork the orc (D:4)
  3 orc priests
  Crazy Yiuf (D:2)
  A gnoll shaman (D:4)
  2 orc wizards
  Jessica (D:3)
  Natasha (thrice) (D:3)
  A worker ant (D:4)
  8 gnolls
  6 adders
  An ooze (D:2)
  An adder skeleton (D:4)
  5 worms (D:2)
  2 dart slugs
  3 leopard geckos
  11 orcs
  8 bats
  3 giant cockroaches
  3 goblins
  7 hobgoblins
  2 jackals
  12 kobolds
  A quokka (D:4)
  A ball python (D:5)
  4 frilled lizards
  6 rats
105 creatures vanquished.

Vanquished Creatures (others)
  An ogre (D:3)
1 creature vanquished.

Grand Total: 106 creatures vanquished

Notes
Turn   | Place    | Note
-------+----------+-------------------------------------------
     0 | D:1      | Flugkiller the Troll Fighter began the quest for the Orb.
     0 | D:1      | Reached XP level 1. HP: 22/22 MP: 0/0
   139 | D:1      | Reached XP level 2. HP: 24/29 MP: 1/1
   252 | D:1      | Reached skill level 3 in Unarmed Combat
   575 | D:1      | Reached XP level 3. HP: 16/36 MP: 2/2
   724 | D:2      | Reached skill level 4 in Unarmed Combat
   733 | D:2      | Reached XP level 4. HP: 33/44 MP: 3/3
   795 | D:2      | Reached skill level 5 in Unarmed Combat
   820 | D:2      | Reached XP level 5. HP: 27/50 MP: 4/4
   998 | D:2      | Found a runed translucent door.
   999 | D:2      | Noticed Crazy Yiuf
  1049 | D:2      | Found an ornate altar of the Wu Jian Council.
  1323 | D:2      | Killed Crazy Yiuf
  1323 | D:2      | Reached skill level 6 in Unarmed Combat
  1409 | D:3      | Noticed an ice beast
  1416 | D:3      | Killed an ice beast
  1416 | D:3      | Reached XP level 6. HP: 59/59 MP: 5/5
  1461 | D:3      | Reached skill level 7 in Unarmed Combat
  1609 | D:3      | Noticed Natasha
  1615 | D:3      | Killed Natasha
  1642 | D:3      | Noticed Jessica
  1646 | D:3      | Killed Jessica
  1730 | D:3      | Noticed Natasha
  1736 | D:3      | Killed Natasha
  1781 | D:3      | Found a stormy altar of Qazlal.
  1958 | D:4      | Reached XP level 7. HP: 66/66 MP: 6/6
  2018 | D:4      | Reached skill level 8 in Unarmed Combat
  2108 | D:3      | HP: 3/66 [ogre/+0 giant club (9)]
  2142 | D:3      | Noticed Natasha
  2147 | D:3      | Killed Natasha
  2314 | D:4      | Reached skill level 9 in Unarmed Combat
  2439 | D:4      | Found a snail-covered altar of Cheibriados.
  2571 | D:4      | Noticed Grinder
  2588 | D:4      | Killed Grinder
  2588 | D:4      | Reached XP level 8. HP: 68/74 MP: 7/7
  2713 | D:4      | Noticed Blork the orc
  2718 | D:4      | Killed Blork the orc
  2718 | D:4      | Reached skill level 10 in Unarmed Combat
  2791 | D:5      | Entered Level 5 of the Dungeon
  2802 | D:5      | Noticed Pikel
  2943 | D:5      | Blown up by Pikel

Levels and vault maps discovered:
D:1:      ncdulo_wetmaze, layout_loops_ring, serial_bayou_ford_a,
          minmay_misc_feat_plants, minmay_crystal_water
D:2:      layout_basic, lemuel_round_altar, uniq_crazy_yiuf_cottage
D:3:      layout_rooms, lemuel_coloured_pillars_altar, uniq_jessica,
          uniq_natasha
D:4:      layout_basic, marbit_many_paths, first_ration, uniq_grinder,
          uniq_blork_the_orc
D:5:      layout_rooms, gammafunk_temple_overflow_elements,
          minmay_temple_entry_glass, serial_shops, nicolae_shop_window_shopping,
          nicolae_shop_crystal, shop, minmay_chambers_of_fives, uniq_sigmund,
          uniq_pikel

Skill      XL: |  1  2  3  4  5  6  7  8 |
---------------+-------------------------+-----
Unarmed Combat | 3 4 5 6 7 9 10 | 10.1
Fighting       | |  2.4
Dodging        | |  2.4
Shields        | |  2.4

Action                   |  1- 3 |  4- 6 |  7- 9 || total
-------------------------+-------+-------+-------++-------
Melee: Unarmed           |    80 |   143 |   121 ||   344
  Use: Scroll            |       |     5 |     1 ||     6
       Potion            |       |       |     5 ||     5
 Stab: Invisible         |       |       |     1 ||     1
  Eat: Ration            |     1 |       |     1 ||     2
       Chunk             |     3 |    12 |     4 ||    19
Armor: Robe              |    58 |    30 |    39 ||   127
Dodge: Dodged            |    42 |    42 |    39 ||   123
Block: Shield            |    55 |    45 |    45 ||   145
